Map: Oxide LE

Players

Vindicta - Winner!

  • Race: Terran Terran
  • League: Grandmaster

MaSa

  • Race: Terran Terran

Event: DreamHack SC2 Masters 2021 Summer

VOD

Have the link to the VOD?

Description

Time

  • Played on: May 25, 2021, 5:37 p.m.
  • Length: 5:35

All games in this series

Show
View Real Time Build Order
Export as new Build Order

Vindicta Terran - Winner!

Build Orders:  

Get SALT Encoding   

  12  0:00  SCV  
  13  0:12  SCV  
  14  0:17  Supply Depot  
  14  0:24  SCV  
  14  0:28  Refinery  
  15  0:39  SCV  
  16  0:45  Barracks  
  16  0:51  SCV  
  17  0:58  Refinery  
  17  1:03  SCV  
  18  1:15  SCV  
  19  1:31  Orbital Command  
  19  1:32  Reaper  
  20  1:37  Factory  
  20  1:54  Supply Depot  
  20  1:57  SCV  
  21  2:05  Barracks Reactor  
  21  2:09  SCV  
  22  2:21  SCV  
  22  2:22  Hellion  
  25  2:33  SCV  
  25  2:36  Command Center  
  26  2:41  Reaper x2  
  28  2:46  Hellion  
  30  2:53  SCV, Supply Depot  
  31  3:01  Starport  
  31  3:15  SCV, Hellion, Reaper x2  
  36  3:25  Supply Depot  
  36  3:27  SCV  
  36  3:30  Refinery  
  37  3:37  Factory Tech Lab  
  37  3:40  SCV  
  38  3:47  Marine x2  
  38  3:48  Orbital Command  
  40  3:57  Medivac  
  40  4:02  SCV  
  46  4:04  Marine x2  
  48  4:18  Cyclone  
  48  4:23  Marine  
  47  4:24  SCV  
  47  4:26  SCV  
  47  4:30  Starport Tech Lab  
  47  4:32  Marine  
  47  4:38  SCV x2  
  49  4:41  Marine  
  49  4:43  Command Center  
  51  4:49  Raven, Marine  
  51  4:50  SCV  
  55  4:57  Siege Tank  
  55  4:59  SCV, Marine  
  60  5:05  SCV  
  56  5:07  Marine  
  56  5:11  SCV  
  57  5:17  SCV, Marine  
Show
View Real Time Build Order
Export as new Build Order

MaSa Terran 

Build Orders: Reaper Expand 

Get SALT Encoding   

  12  0:00  SCV  
  13  0:12  SCV  
  14  0:17  Supply Depot  
  14  0:24  SCV  
  15  0:38  SCV  
  15  0:39  Barracks  
  16  0:43  Refinery  
  16  0:50  SCV  
  17  1:02  SCV  
  18  1:16  SCV  
  19  1:29  Orbital Command, Reaper  
  20  1:42  Command Center  
  20  1:53  Supply Depot  
  20  1:55  SCV  
  20  2:01  Marine  
  21  2:07  SCV  
  23  2:11  Factory  
  23  2:20  Refinery  
  23  2:21  Bunker  
  23  2:24  Marine  
  23  2:26  SCV  
  25  2:39  SCV  
  25  2:41  Marine  
  27  2:51  SCV  
  28  2:55  Orbital Command  
  28  2:56  Starport  
  30  2:58  Widow Mine  
  30  3:01  Barracks Reactor  
  30  3:04  SCV  
  31  3:16  SCV  
  31  3:19  Factory Tech Lab  
  32  3:22  SCV  
  33  3:27  Refinery  
  33  3:28  SCV  
  33  3:32  Medivac  
  36  3:34  SCV  
  36  3:37  Marine, Supply Depot  
  36  3:40  SCV  
  40  3:41  Cyclone  
  40  3:44  Marine  
  40  3:46  SCV  
  44  3:52  SCV  
  45  3:57  Marine, Supply Depot  
  45  3:59  SCV  
  45  4:02  Starport Tech Lab, Marine  
  48  4:04  SCV  
  49  4:11  SCV  
  47  4:22  SCV  
  41  4:24  Raven  
  41  4:25  SCV  
  42  4:33  Marine x2  
  42  4:34  SCV  
  45  4:40  Command Center  
  45  4:42  SCV  
  46  4:49  Siege Tank  
  46  4:51  SCV  
  46  4:52  Marine  
  51  4:54  Marine  
  52  5:01  SCV  
  50  5:09  SCV  
  50  5:10  Marine  
  50  5:14  SCV  
  50  5:15  Marine  
  48  5:21  SCV  
Tags
 
Add a new tag
Caveats
  • Supply blocks, unpowered buildings, or Contaminate may cause inaccurate times.
  • Supply counts are checked every 10 seconds.